 Dungeon Crawl Stone Soup version 0.29-a0-919-gd064cfad1c (webtiles) character file.

Game seed: 5757737433499474909

269 quixfox the Digger (level 6, -9/32 HPs)
             Began as a Gargoyle Earth Elementalist on July 27, 2022.
             Killed by divine providence
             ... invoked by an orc priest
              (11 damage)
             ... on level 3 of the Dungeon.
             The game lasted 00:03:17 (1723 turns).

quixfox the Digger (Gargoyle Earth Elementalist)    Turns: 1723, Time: 00:03:18

Health: -9/32      AC:  6    Str: 12    XL:     6   Next: 22%
Magic:  3/11       EV: 11    Int: 17    God:
Gold:   58         SH:  0    Dex: 10    Spells: 6/12 levels left

rFire   . . .      SeeInvis .   g - +0 whip
rCold   . . .      Faith    .   (no shield)
rNeg    + . .      Spirit   .   a - +0 robe
rPois   ∞          Reflect  .   (no helmet)
rElec   +          Harm     .   (no cloak)
rCorr   .          Rampage  .   (no gloves)
Will    .....                   (no boots)
Stlth   ++........              (no amulet)
HPRegen 0.10/turn               (no ring)
MPRegen 0.12/turn               (no ring)

@: no status effects
A: sickness immunity, AC +4, negative energy resistance 1, electricity
resistance, torment resistance 1, petrification resistance
a: no special abilities


You were on level 3 of the Dungeon.
You visited 1 branch of the dungeon, and saw 3 of its levels.

You collected 58 gold pieces.

Inventory:

Hand Weapons
 g - a +0 whip (weapon)
Armour
 a - a +0 robe (worn)
Wands
 m - a wand of quicksilver (10)
Scrolls
 c - 2 scrolls of teleportation {unknown}
 d - a scroll of poison {unknown}
 e - 2 scrolls of identify {unknown}
 f - a scroll of fog {unknown}
 h - a scroll of amnesia {unknown}
 i - a scroll of blinking {unknown}
 j - a scroll of noise {unknown}
 k - a scroll of enchant armour {unknown}
 p - a scroll of immolation {unknown}
Potions
 b - a potion of magic
 l - a potion of curing {unknown}
 n - a potion of degeneration {unknown}
 o - a potion of flight {unknown}


   Skills:
 - Level 1.5 Dodging
 - Level 2.1 Stealth
 + Level 3.9 Spellcasting
 + Level 2.8 Conjurations
 - Level 0.7 Transmutations
 + Level 5.7 Earth Magic


You had 6 spell levels left.
You knew the following spells:

 Your Spells              Type           Power      Damage    Failure   Level
a - Sandblast             Erth           46%        2d11      1%          1
b - Passwall              Tmut/Erth      11%        N/A       6%          2
c - Stone Arrow           Conj/Erth      36%        3d9       9%          3

Your spell library contained the following spells:

 Spells                   Type           Power      Damage    Failure   Level
 Blink                    Tloc           6%         N/A       24%         2
 Petrify                  Tmut/Erth      14%        N/A       38%         4
 Lesser Beckoning         Tloc           3%         N/A       43%         3
 Ozocubu's Armour         Ice            3%         N/A       43%         3
 Manifold Assault         Tloc           3%         N/A       99%         5
 Metabolic Englaciation   Hex/Ice        1%         N/A       99%         5
 Summon Forest            Summ/Tloc      1%         N/A       99%         5
 Eringya's Noxious Bog    Tmut/Pois      2%         N/A       100%        6
 Simulacrum               Ice/Necr       1%         N/A       100%        6
 Summon Hydra             Summ           1%         N/A       100%        7


Dungeon Overview and Level Annotations

Branches:
Dungeon (2/15)

Altars:


Innate Abilities, Weirdness & Mutations

You are immune to sickness and miasma.
Your stone body is resilient. (AC +4)
You are immune to poison.
You resist negative energy. (rN+)
You are resistant to electric shocks. (rElec)
You are resistant to unholy torment.
You are immune to petrification.


Message History

* * * LOW HITPOINT WARNING * * *
The orc hits you but does no damage.
Aiming: Sandblast (safe; 1% risk of failure)
Press: ? - help, Q - select action, (/) - cycle Shift-Dir - straight line, f/p - orc
Aim: an orc, wielding a +0 dagger (83% to hit)
The blast of sand hits the orc!
You kill the orc!
Aiming: Sandblast (safe; 1% risk of failure)
Press: ? - help, Q - select action, (/) - cycle Shift-Dir - straight line, f - orc priest
Aim: an orc priest, wielding a +0 short sword of draining (83% to hit)
The blast of sand hits the adder.
The adder is heavily wounded.
The adder bites you but does no damage.
The orc priest looks braver for a moment.
The adder closely misses you.
Okay, then.
Aiming: Sandblast (safe; 1% risk of failure)
Press: ? - help, Q - select action, (/) - cycle Shift-Dir - straight line, f/p - orc priest
Aim: an orc priest, wielding a +0 short sword of draining (83% to hit)
The blast of sand hits the adder!
You kill the adder!
The orc priest hits you but does no damage.
Aiming: Sandblast (safe; 1% risk of failure)
Press: ? - help, Q - select action, (/) - cycle Shift-Dir - straight line, f/p - orc priest
Aim: an orc priest, wielding a +0 short sword of draining (83% to hit)
The blast of sand hits the orc priest!
The orc priest is heavily wounded.
The orc priest hits you with a +0 short sword of draining.
* * * LOW HITPOINT WARNING * * *
The orc priest barely misses you.
Aiming: Sandblast (safe; 1% risk of failure)
Press: ? - help, Q - select action, (/) - cycle Shift-Dir - straight line, f/p - orc priest
Aim: an orc priest, wielding a +0 short sword of draining (heavily wounded, 83% to hit)
The blast of sand hits the orc priest.
The orc priest is severely wounded.
The orc priest hits you with a +0 short sword of draining.
* * * LOW HITPOINT WARNING * * *
The orc priest calls down the wrath of Beogh upon you.
Beogh smites you!
You die...

# # .## .#....
##### #...##
##^.@##.....#
##...)o.)....#
#..)...........
#..............
#.............#
#...........#.#
#.....##...## #
#...### ####
#...#


You could see an orc priest.

Vanquished Creatures
  Sigmund (D:2)
  An orc wizard (D:3)
  5 adders
  A worm (D:2)
  2 dart slugs
  3 orcs (D:3)
  6 ball pythons
  3 bats
  An endoplasm (D:1)
  2 giant cockroaches (D:2)
  A goblin (D:2)
  A hobgoblin (D:1)
  2 quokkas (D:2)
  A frilled lizard (D:2)
  4 kobolds
  4 rats
38 creatures vanquished.

Vanquished Creatures (others)
  A demonic plant (D:2)
  2 fungi (D:2)
  A plant (D:2)
4 creatures vanquished.

Grand Total: 42 creatures vanquished

Notes
Turn   | Place    | Note
-------+----------+-------------------------------------------
     0 | D:1      | quixfox the Gargoyle Earth Elementalist began the quest for
                  | the Orb.
     0 | D:1      | Reached XP level 1. HP: 10/10 MP: 3/3
   145 | D:1      | Reached XP level 2. HP: 15/15 MP: 1/5
   238 | D:1      | Reached skill level 4 in Earth Magic
   963 | D:2      | Found a faded altar of an unknown god.
   974 | D:2      | Reached XP level 3. HP: 19/19 MP: 4/7
   981 | D:2      | Learned a level 2 spell: Passwall
   985 | D:2      | Learned a level 3 spell: Stone Arrow
  1094 | D:2      | Reached XP level 4. HP: 24/24 MP: 2/8
  1213 | D:2      | Noticed Sigmund
  1220 | D:2      | Killed Sigmund
  1221 | D:2      | Reached skill level 5 in Earth Magic
  1221 | D:2      | Reached XP level 5. HP: 9/28 MP: 3/10
  1552 | D:2      | Reached XP level 6. HP: 24/32 MP: 7/11
  1684 | D:2      | You fall into a shaft and drop 1 floor!
  1723 | D:3      | Killed from afar by an orc priest

Illustrated notes

Levels and vault maps discovered:
D:1:      wander_arrival_desolate, layout_basic, minmay_shallow_snake_nest
D:2:      layout_rooms, shapermc_ecumenical_altar_gd, uniq_sigmund
D:3:      layout_rooms

Skill      XL: |  1  2  3  4 |
---------------+-------------+-----
Earth Magic    | 4 5 |  5.7
Spellcasting   | 3 |  3.9
Conjurations   | 2 |  2.8
Dodging        | |  1.5
Stealth        | |  2.1
Transmutations | |  0.7

Action                   |  1- 3 |  4- 6 || total
-------------------------+-------+-------++-------
Melee: Whip              |     8 |       ||     8
 Cast: Sandblast         |    37 |    25 ||    62
Armor: Robe              |    10 |     7 ||    17
Dodge: Dodged            |    12 |     7 ||    19

Table legend: (Time is in decaauts)
 A = Elapsed time spent in this place.
 B = Non-inter-level travel time spent in this place.
 C = Inter-level travel time spent in this place.
 D = Time resting spent in this place.
 E = Time spent auto-exploring this place.
 F = Levels seen in this place.
 G = Mean time per level.
                   A        B        C        D        E       F      G
               +--------+--------+--------+--------+--------+-----+--------+
         Total |   1783 |   1758 |     25 |     19 |   1493 |   3 |  594.3 |
       Dungeon |   1783 |   1758 |     25 |     19 |   1493 |   3 |  594.3 |
               +--------+--------+--------+--------+--------+-----+--------+

Top non-repeatable levels by time:
     D:2: 934 daAuts
     D:1: 801 daAuts
     D:3: 47 daAuts
